 Dungeon Crawl Stone Soup version 0.30-a0-719-gcc4359ea44 (webtiles) character file.

Game seed: 631344241405802849

126 M4edhros the Insei (level 5, -1/35 HPs)
             Began as an Octopode Transmuter on Jan 26, 2023.
             Slain by an iguana (13 damage)
             ... on level 5 of the Dungeon.
             The game lasted 00:00:38 (343 turns).

M4edhros the Insei (Octopode Transmuter)             Turns: 343, Time: 00:00:39

Health: -1/35      AC:  1    Str:  9    XL:     5   Next: 10%
Magic:  8/8        EV: 14    Int: 15    God:
Gold:   3          SH:  0    Dex: 15    Spells: 7/8 levels left

rFire   . . .      SeeInvis .      - Unarmed
rCold   . . .      Faith    .    (no shield)
rNeg    . . .      Spirit   .    (helmet restricted)
rPois   .          Reflect  .    (no amulet)
rElec   .          Harm     .    (no ring)
rCorr   .          Rampage  .    (no ring)
Will    .....                    (no ring)
Stlth   ++                       (no ring)
HPRegen 0.25/turn                (no ring)
MPRegen 0.11/turn                (no ring)
                                 (no ring)
                                 (no ring)

@: no status effects
A: almost no armour, amphibious, 8 rings, camouflage 1, gelatinous body 1,
(nimble swimmer 1), tentacles
a: no special abilities


You were on level 5 of the Dungeon.
You visited 1 branch of the dungeon, and saw 5 of its levels.

You collected 3 gold pieces.

Inventory:

Scrolls
 b - a scroll of vulnerability {unknown}
 c - a scroll of teleportation {unknown}
 f - a scroll of fog {unknown}
Potions
 d - a potion of brilliance {unknown}
 e - a potion of heal wounds {unknown}


   Skills:
 + Level 2.4 Fighting
 + Level 3.0 Dodging
 * Level 4.5 Unarmed Combat
 - Level 2.0 Spellcasting
 - Level 2.0 Transmutations


You had 7 spell levels left.
You knew the following spells:

 Your Spells              Type           Power      Damage    Failure   Level
a - Beastly Appendage     Tmut           14%        N/A       10%         1

Your spell library contained the following spells:

 Spells                   Type           Power      Damage    Failure   Level
 Wereblood                Tmut           7%         N/A       14%         2
 Spider Form              Tmut/Pois      4%         N/A       41%         3
 Gell's Gravitas          Tloc           1%         N/A       54%         3
 Teleport Other           Tloc           1%         N/A       54%         3
 Ice Form                 Ice/Tmut       4%         N/A       82%         4
 Dispersal                Tloc           0%         N/A       100%        6


Dungeon Overview and Level Annotations

Branches:
Dungeon (5/15)
 Temple: D:4-7

Altars:
Okawaru


Innate Abilities, Weirdness & Mutations

You cannot wear most types of armour.
You are amphibious.
You can wear up to eight rings at the same time.
Your skin changes colour to match your surroundings (Stealth+).
Your rubbery body absorbs attacks. (AC +1, EV +1)
((You are camouflaged when in or above water. (Stealth+)))
You have tentacles for arms and can constrict up to eight enemies at once.


Message History

a +0 shortbow of freezing; a centaur corpse
Found a stone staircase leading up.
A hound comes into view.
A hound is nearby!
The hound barks!
You hear an angry hiss.
The hound closely misses you.
You miss the hound. Your grab misses the hound. You squeeze the hound.
The hound is lightly wounded.
The hound bites you.
You closely miss the hound. You grab the hound.
The hound is lightly wounded.
You constrict the hound. The hound closely misses you.
An iguana comes into view.
You tentacle-slap the hound. x2; You squeeze the hound!
You kill the hound!
Your Dodging skill increases to level 3!
You have reached level 5!
You feel agile.
You tentacle-slap the iguana. You grab the iguana.
You squeeze the iguana, but do no damage.
The iguana is lightly wounded.
You constrict the iguana, but do no damage.
The iguana bites you!
You tentacle-slap the iguana but do no damage.
The iguana is lightly wounded.
You constrict the iguana, but do no damage.
The iguana barely misses you.
You tentacle-slap the iguana.
The iguana is moderately wounded.
You constrict the iguana. The iguana bites you!
You are too injured to fight recklessly!
You are too injured to fight recklessly!
You are too injured to fight recklessly!
You are too injured to fight recklessly!
You are too injured to fight recklessly!
You tentacle-slap the iguana but do no damage.
The iguana is moderately wounded.
You constrict the iguana, but do no damage.
The iguana bites you!
You die...

#<#.###...........
................##
.............####
...?..........#
..............#
.......$......#
.../..........#
............#.....
..........@###....
..........l.# ...
.........##.#
...###### .. ..
#.# .. ##. ..


You could see an iguana.

Vanquished Creatures
  A centaur (D:5)
  A hound (D:5)
  A ball python (D:1)
  2 goblins
  A hobgoblin (D:4)
  4 jackals (D:2)
  2 kobolds (D:2)
  A bat (D:3)
  A rat (D:1)
14 creatures vanquished.

Notes
Turn   | Place    | Note
-------+----------+-------------------------------------------
     0 | D:1      | M4edhros the Octopode Transmuter began the quest for the
                  | Orb.
     0 | D:1      | Reached XP level 1. HP: 13/13 MP: 3/3
    57 | D:2      | Reached XP level 2. HP: 10/18 MP: 5/5
   227 | D:4      | Found an iron altar of Okawaru.
   262 | D:5      | Entered Level 5 of the Dungeon
   262 | D:5      | Noticed a centaur
   271 | D:5      | Killed a centaur
   272 | D:5      | Reached skill level 4 in Unarmed Combat
   272 | D:5      | Reached XP level 3. HP: 21/24 MP: 6/6
   272 | D:5      | Reached XP level 4. HP: 25/29 MP: 7/7
   337 | D:5      | Reached XP level 5. HP: 32/35 MP: 8/8
   343 | D:5      | Slain by an iguana

Illustrated notes

Levels and vault maps discovered:
D:1:      amcnicky_arrival_blooded_trapdoor, layout_basic,
          ebering_ecumenical_altar_webs
D:2:      layout_basic, basic_altar, uniq_crazy_yiuf_cottage
D:3:      layout_loops_ring
D:4:      layout_gridville, mainiacjoe_overflow_boulevard, uniq_grinder
D:5:      layout_rooms, marbit_many_paths

Skill      XL: |  1  2  3  4 |
---------------+-------------+-----
Fighting       | 2 |  2.4
Unarmed Combat | 4 |  4.5
Dodging        | 3 |  3.0
Spellcasting   | |  2.0
Transmutations | |  2.0

Action                     |  1- 3 |  4- 6 || total
---------------------------+-------+-------++-------
  Melee: Unarmed           |    34 |     7 ||    41
         Constrict         |     8 |     2 ||    10
         Tentacles         |     8 |     3 ||    11
         Punch             |       |     1 ||     1
    Use: Potion            |     1 |       ||     1
   Stab: Sleeping          |     1 |       ||     1
 Armour: Skin              |    10 |       ||    10
  Dodge: Dodged            |    32 |     3 ||    35

Table legend: (Time is in decaauts)
 A = Elapsed time spent in this place.
 B = Non-inter-level travel time spent in this place.
 C = Inter-level travel time spent in this place.
 D = Time resting spent in this place.
 E = Time spent auto-exploring this place.
 F = Levels seen in this place.
 G = Mean time per level.
                   A        B        C        D        E       F      G
               +--------+--------+--------+--------+--------+-----+--------+
         Total |    339 |    321 |     18 |     17 |    192 |   5 |   67.8 |
       Dungeon |    339 |    321 |     18 |     17 |    192 |   5 |   67.8 |
               +--------+--------+--------+--------+--------+-----+--------+

Top non-repeatable levels by time:
     D:2: 87 daAuts
     D:4: 83 daAuts
     D:5: 79 daAuts
     D:3: 50 daAuts
     D:1: 37 daAuts
